 Dungeon Crawl Stone Soup version 0.30-a0-42-g806c11bf1d (webtiles) character file.

Game seed: 17094190734402852344

0 yoshig the Vexing (level 1, 0/17 HPs)
             Began as a Gnoll Arcane Marksman on Aug 30, 2022.
             Slain by a hobgoblin (4 damage)
             ... on level 1 of the Dungeon.
             The game lasted 00:01:16 (85 turns).

yoshig the Vexing (Gnoll Arcane Marksman)             Turns: 85, Time: 00:01:16

Health: 0/17       AC:  2    Str:  9    XL:     1   Next: 10%
Magic:  4/4        EV: 13    Int: 12    God:
Gold:   12         SH:  0    Dex: 12    Spells: 4/5 levels left

rFire   . . .      SeeInvis .    a - +1 sling
rCold   . . .      Faith    .    (no shield)
rNeg    . . .      Spirit   .    c - +0 robe
rPois   .          Reflect  .    (no helmet)
rElec   .          Harm     .    (no cloak)
rCorr   .          Rampage  .    (no gloves)
Will    .....                    (no boots)
Stlth   +.........               (no amulet)
HPRegen 0.05/turn                (no ring)
MPRegen 0.09/turn                (no ring)

@: no status effects
A: fangs 1, strong nose, distributed training
a: no special abilities


You were on level 1 of the Dungeon.
You visited 1 branch of the dungeon, and saw 1 of its levels.

You collected 12 gold pieces.

Inventory:

Hand Weapons
 a - a +1 sling (weapon)
Armour
 c - a +0 robe (worn)
Scrolls
 b - a scroll of poison


   Skills:
 + Level 2.3 Fighting
 + Level 0.0 Short Blades
 + Level 0.0 Long Blades
 + Level 0.0 Axes
 + Level 0.0 Maces & Flails
 + Level 0.0 Polearms
 + Level 0.0 Staves
 + Level 4.4 Ranged Weapons
 + Level 0.0 Throwing
 + Level 0.0 Armour
 + Level 4.4 Dodging
 + Level 0.0 Stealth
 + Level 0.0 Shields
 + Level 0.0 Unarmed Combat
 + Level 2.6 Spellcasting
 + Level 0.0 Conjurations
 + Level 5.3 Hexes
 + Level 0.0 Summonings
 + Level 0.0 Necromancy
 + Level 0.0 Translocations
 + Level 0.0 Transmutations
 + Level 0.0 Fire Magic
 + Level 0.0 Ice Magic
 + Level 0.0 Air Magic
 + Level 0.0 Earth Magic
 + Level 0.0 Poison Magic
 + Level 0.0 Invocations
 + Level 0.0 Evocations


You had 4 spell levels left.
You knew the following spells:

 Your Spells              Type           Power      Damage    Failure   Level
a - Slow                  Hex            56%        N/A       3%          1

Your spell library contained the following spells:

 Spells                   Type           Power      Damage    Failure   Level
 Inner Flame              Hex/Fire       7%         N/A       26%         3
 Portal Projectile        Hex/Tloc       14%        N/A       26%         3
 Cause Fear               Hex            7%         N/A       28%         4


Dungeon Overview and Level Annotations

Branches:
Dungeon (1/15)

Altars:


Innate Abilities, Weirdness & Mutations

You have very sharp teeth.
Your uncanny sense of smell can sniff out nearby items.
Your experience applies equally to all skills.


Message History

The frilled lizard attacks as you move away!
The frilled lizard barely misses you. The frilled lizard bites you.
The frilled lizard completely misses you.
The frilled lizard attacks as you move away!
The frilled lizard misses you. The frilled lizard closely misses you.
You clumsily bash the frilled lizard but do no damage.
You punch the frilled lizard.
You kill the frilled lizard!
A hobgoblin comes into view.
Found 18 gold pieces and a robe.
Found a metallic golden potion.
The hobgoblin shouts!
You hear an angry hiss.
The hobgoblin attacks as you move away! The hobgoblin barely misses you.
The hobgoblin completely misses you.
You see here a metallic golden potion.
Okay, then.
The hobgoblin barely misses you.
You see here a +0 robe.
You clumsily bash the hobgoblin but do no damage.
Your bite misses the hobgoblin. The hobgoblin hits you.
You completely miss the hobgoblin. The hobgoblin closely misses you.
The hobgoblin hits you.
You clumsily bash the hobgoblin but do no damage.
You bite the hobgoblin.
The hobgoblin is moderately wounded.
The hobgoblin closely misses you.
You clumsily bash the hobgoblin but do no damage.
The hobgoblin is moderately wounded.
The hobgoblin hits you. x2
* * * LOW HITPOINT WARNING * * *
You clumsily bash the hobgoblin but do no damage.
The hobgoblin is moderately wounded.
The hobgoblin hits you but does no damage.
You barely miss the hobgoblin.
You bite the hobgoblin, but do no damage.
The hobgoblin is moderately wounded.
The hobgoblin barely misses you. The hobgoblin hits you.
You die...

###♣~P######...#
#~~~~♣# ###.#
#.~~~.# #.#
###~#########.##
### #........##
#.........#
#.......#..#
#.!.....##.#
#..g@...# .$.
######### #..
##.


You could see a hobgoblin.

Vanquished Creatures
  A frilled lizard (D:1)
1 creature vanquished.

Notes
Turn   | Place    | Note
-------+----------+-------------------------------------------
     0 | D:1      | yoshig the Gnoll Arcane Marksman began the quest for the
                  | Orb.
     0 | D:1      | Reached XP level 1. HP: 17/17 MP: 4/4
    85 | D:1      | Slain by a hobgoblin

Illustrated notes

Levels and vault maps discovered:
D:1:      sevenhm_arrival_forest_fort_small_4, layout_basic, serial_shops,
          nicolae_shop_crystal

Action                   || total
-------------------------++-------
Melee: Sling             ||    14
       Bite              ||     3
       Punch             ||     2
Armor: Robe              ||     4
Dodge: Dodged            ||    18

Table legend: (Time is in decaauts)
 A = Elapsed time spent in this place.
 B = Non-inter-level travel time spent in this place.
 C = Inter-level travel time spent in this place.
 D = Time resting spent in this place.
 E = Time spent auto-exploring this place.
 F = Levels seen in this place.
 G = Mean time per level.
                   A        B        C        D        E       F      G
               +--------+--------+--------+--------+--------+-----+--------+
         Total |    102 |    102 |      0 |      0 |      0 |   1 |  102.0 |
       Dungeon |    102 |    102 |      0 |      0 |      0 |   1 |  102.0 |
               +--------+--------+--------+--------+--------+-----+--------+

Top non-repeatable levels by time:
     D:1: 102 daAuts
